 Dungeon Crawl Stone Soup version 0.23.1 (webtiles) character file.

Game seed: 0

45007 Irenicus the Earth Mage (level 13, 0/105 HPs)
             Began as a Deep Dwarf Earth Elementalist on Mar 7, 2019.
             Was the Champion of Makhleb.
             Slain by a black mamba (5 damage)
             ... on level 6 of the Lair of Beasts on Mar 8, 2019.
             The game lasted 01:39:02 (10463 turns).

Irenicus the Earth Mage (DDEE)                     Turns: 10463, Time: 01:39:02

Health: 0/105      AC: 22    Str: 15    XL:     13   Next: 99%
Magic:  12/28      EV: 11    Int: 24    God:    Makhleb [******]
Gold:   1277       SH:  0    Dex: 13    Spells: 21/35 levels left

rFire    + . .     SeeInvis +   s - +11 flail of a treasure trove {flame, +Fly Str+2}
rCold    + + +     Gourm    .   (no shield)
rNeg     . . .     Faith    .   B - +5 ring mail of the Robin {*Contam rF+ rC+++ MR++}
rPois    .         Spirit   .   u - +1 hat {SInv}
rElec    .         Reflect  .   H - +2 cloak
rCorr    .         Harm     .   (no gloves)
MR       +++..                  k - +2 pair of boots
Stlth    ++++......             (no amulet)
HPRegen  0.00/turn              D - +3 ring of protection
MPRegen  0.21/turn              Y - +4 ring of intelligence

@: lethally poisoned (0 -> -15), non-regenerating
A: damage resistance, heal wounds, sense surroundings 2, no regeneration
a: Heal Wounds, Minor Destruction, Lesser Servant of Makhleb, Major Destruction,
Greater Servant of Makhleb, Renounce Religion, Evoke Flight


You were on level 6 of the Lair of Beasts.
You worshipped Makhleb.
Makhleb was exalted by your worship.
You were near starving.

You visited 3 branches of the dungeon, and saw 19 of its levels.
You also visited: Gauntlet.

You collected 1277 gold pieces.

Inventory:

Hand Weapons
 m - a +1 dagger
   (You found it on level 1 of the Dungeon)
 s - the +11 flail of a treasure trove (weapon) {flame, +Fly Str+2}
   (You found it on level 7 of the Dungeon)

   It has been specially enchanted to burn those struck by it, causing extra
   injury to most foes and up to half again as much damage against particularly
   susceptible opponents.
   It affects your strength (+2).
   It lets you fly.
 N - the +7 mace "Tugrew" {elec, Int+6}
   (You found it on level 10 of the Dungeon)

   Occasionally, upon striking a foe, it will discharge some electrical energy
   and cause terrible harm.
   It affects your intelligence (+6).
 Q - the +3 war axe of Patterns {flame, *Corrode rPois Dex+2}
   (You found it in a Gauntlet)

   It has been specially enchanted to burn those struck by it, causing extra
   injury to most foes and up to half again as much damage against particularly
   susceptible opponents.
   Big, fiery blades are also staple armaments of hydra-hunters.
   It affects your dexterity (+2).
   It protects you from poison.
   It may corrode you when you take damage.
Missiles
 g - 94 stones (quivered)
 L - 4 throwing nets {=f, !d}
Armour
 k - a +2 pair of boots (worn)
   (You found it on level 6 of the Dungeon)
 u - a +1 hat of see invisible (worn)
   (You found it in a Gauntlet)
 y - a +1 shield of resistance
   (You found it in a Gauntlet)
 B - the +5 ring mail of the Robin (worn) {*Contam rF+ rC+++ MR++}
   (You found it on level 7 of the Dungeon)

   It protects you from fire.
   It renders you almost immune to cold.
   It affects your resistance to hostile enchantments.
   It causes magical contamination when unequipped.
 H - a +2 cloak (worn)
   (You took it off Maurice on level 9 of the Dungeon)
 R - a scarf of cloud immunity
   (You found it in a Gauntlet)
Magical Staves
 A - an uncursed staff of conjuration {!a}
   (You found it in a Gauntlet)
 G - an uncursed staff of cold {rC+}
   (You found it on level 8 of the Dungeon)
 M - an uncursed staff of power {MP+17, !a}
   (You found it on level 10 of the Dungeon)
Jewellery
 q - the ring "Uklyarr" {rCorr MP-9 Dex+6}
   (You found it in a Gauntlet)

   [ring of resist corrosion]

   It affects your dexterity (+6).
   It affects your magic capacity (-9).
 D - a +3 ring of protection (left hand)
   (You found it on level 8 of the Dungeon)
 P - an uncursed ring of stealth {Stlth+}
   (You took it off an orc on level 12 of the Dungeon)
 S - an uncursed ring of protection from cold {rC+, !d}
   (You found it on level 3 of the Lair of Beasts)
 Y - a +4 ring of intelligence (right hand)
   (You found it on level 5 of the Lair of Beasts)
Wands
 f - a wand of polymorph (18)
   (You took it off Sigmund on level 6 of the Dungeon)
 i - a wand of random effects (96)
   (You found it on level 2 of the Dungeon)
 l - a wand of digging (6)
   (You found it on level 5 of the Dungeon)
 v - a wand of paralysis (9)
   (You found it on level 4 of the Dungeon)
 C - a wand of flame (29)
   (You found it on level 7 of the Dungeon)
 T - a wand of acid (6)
   (You found it on level 4 of the Lair of Beasts)
Scrolls
 a - 5 scrolls of fear
 b - a scroll of enchant weapon
 c - 7 scrolls of teleportation
 e - a scroll of amnesia
 j - 9 scrolls of remove curse
 n - 2 scrolls of blinking {!r}
 o - a scroll of fog
 p - 2 scrolls of identify
 t - 3 scrolls of magic mapping {!r}
 F - a scroll of holy word {!r}
 V - 2 scrolls of enchant armour
 W - a scroll of acquirement
 Z - a scroll of torment {!r}
Potions
 h - 3 potions of mutation {!q}
 w - 7 potions of curing
 x - 2 potions of might
 z - 4 potions of flight
 E - 3 potions of haste
 I - 3 potions of brilliance
 O - a potion of resistance
 U - a potion of invisibility
Miscellaneous
 J - a phial of floods
   (You found it on level 10 of the Dungeon)
 K - a fan of gales
   (You found it on level 9 of the Dungeon)
Comestibles
 d - 28 rations


   Skills:
 - Level 4.0 Fighting
 - Level 6.1 Maces & Flails
 - Level 6.5 Armour
 - Level 2.1 Dodging
 - Level 10.0 Stealth
 + Level 11.8 Spellcasting
 - Level 2.0 Translocations
 - Level 6.1 Transmutations
 * Level 17.7 Earth Magic
 - Level 4.0 Evocations


You had 21 spell levels left.
You knew the following spells:

 Your Spells              Type           Power        Failure   Level  Hunger
a - Sandblast             Erth           ######       0%          1    None
b - Blink                 Tloc           N/A          5%          2    None
c - Petrify               Tmut/Erth      ######..     1%          4    None
w - Passwall              Tmut/Erth      ######..     1%          2    None
z - Lee's Rapid Deconstr  Erth           #######...   1%          5    ###....

Your spell library contained the following spells:

 Spells                   Type           Power        Failure   Level  Hunger
 Beastly Appendage        Tmut           #####.       1%          1    None
 Stone Arrow              Conj/Erth      ######       1%          3    None
 Leda's Liquefaction      Hex/Erth       ######....   1%          4    None
 Corona                   Hex            ##.....      8%          1    None
 Flame Tongue             Conj/Fire      ##...        8%          1    None
 Infusion                 Chrm           ##..         8%          1    None
 Summon Small Mammal      Summ           ##..         8%          1    None
 Shroud of Golubria       Chrm/Tloc      ###.......   8%          2    None
 Gell's Gravitas          Tloc           ###.......   11%         3    None
 Lesser Beckoning         Tloc           ###.......   11%         3    None
 Teleport Other           Tloc           ###.....     11%         3    None
 Call Imp                 Summ           ##......     12%         2    None
 Corpse Rot               Necr           N/A          12%         2    None
 Ensorcelled Hibernation  Hex/Ice        ##....       12%         2    None
 Poisonous Vapours        Pois/Air       ##....       12%         2    None
 Slow                     Hex            ##......     12%         2    None
 Song of Slaying          Chrm           ##......     12%         2    None
 Sublimation of Blood     Necr           ##........   12%         2    None
 Portal Projectile        Hex/Tloc       ###...       16%         3    None
 Call Canine Familiar     Summ           ##......     24%         3    None
 Confuse                  Hex            ##......     24%         3    None
 Conjure Flame            Conj/Fire      ##......     24%         3    None
 Dazzling Spray           Conj/Hex       ##....       24%         3    None
 Inner Flame              Hex/Fire       ##......     24%         3    None
 Mephitic Cloud           Conj/Pois/Air  ##......     24%         3    None
 Spectral Weapon          Hex/Chrm       ##......     24%         3    None
 Summon Guardian Golem    Hex/Summ       ##......     24%         3    None
 Tukima's Dance           Hex            ##......     24%         3    None
 Vampiric Draining        Necr           ##........   24%         3    None
 Passage of Golubria      Tloc           N/A          34%         4    None
 Cause Fear               Hex            ##........   61%         4    None
 Summon Ice Beast         Ice/Summ       ##......     61%         4    None
 Summon Lightning Spire   Summ/Air       ##......     61%         4    None
 Agony                    Necr           ##......     91%         5    ###....
 Bolt of Draining         Conj/Necr      ##........   91%         5    ###....
 Dispel Undead            Necr           ##......     91%         5    ###....
 Excruciating Wounds      Chrm/Necr      ##........   91%         5    ###....
 Summon Mana Viper        Hex/Summ       ##......     91%         5    ###....
 Freezing Cloud           Conj/Ice/Air   ##........   100%        6    #####..
 Invisibility             Hex            ##......     100%        6    #####..
 Ring of Flames           Chrm/Fire      ##........   100%        7    ######.
 Ignition                 Fire           ##........   100%        8    #######
 Regeneration             Chrm/Necr      Unusable     N/A         3    N/A

Dungeon Overview and Level Annotations

Branches:
Dungeon (12/15)            Temple (1/1) D:4            Lair (6/6) D:9
 Shoals (0/4) Lair:4       Spider (0/4) Lair:2        Slime (0/5) Lair:5
    Orc (0/2) D:12

Altars:
Ashenzari
Dithmenos
Elyvilon
Fedhas
Kikubaaqudgha
Makhleb
Okawaru
Qazlal
Sif Muna
Trog
Uskayaw
Vehumet
Wu Jian
Xom
Yredelemnul

Annotations:
D:5 exclusion: oklob plant
D:11 2 transporters, EtherCrawl's ghost, journeyman GnAr
Lair:5 2 transporters, vishdafish's ghost, journeyman GnFi


Innate Abilities, Weirdness & Mutations

You are resistant to damage.
You can heal yourself by infusing magical energy.
You passively map the area around you.
You do not regenerate.


Message History

The black mamba hisses angrily.
The five-headed hydra stops moving altogether!
The black mamba barely misses you.
The helpless five-headed hydra fails to defend itself.
You bludgeon the five-headed hydra!! You burn the five-headed hydra.
The black mamba bites you! x2
You take 16 damage, and have 75/105 hp.
The helpless five-headed hydra fails to defend itself.
You sock the five-headed hydra! You burn the five-headed hydra.
The black mamba closely misses you. The black mamba bites you!
You are poisoned.
The black mamba poisons you!
You take 7 damage, and have 68/105 hp.
The helpless five-headed hydra fails to defend itself.
You bludgeon the five-headed hydra!! You burn the five-headed hydra.
The black mamba bites you but does no damage. x2
Being near the torpor snail leaves you feeling lethargic.
The helpless five-headed hydra fails to defend itself.
You flatten the five-headed hydra like a pancake!!!
You burn the five-headed hydra! The black mamba barely misses you. x2
The black mamba bites you!
You are more poisoned.
The black mamba poisons you!
You take 9 damage, and have 59/105 hp.
The helpless five-headed hydra fails to defend itself.
You hit the five-headed hydra. You burn the five-headed hydra.
You feel very sick.
The black mamba bites you but does no damage.
The black mamba closely misses you. x2
You take 5 damage, and have 54/105 hp.
The helpless five-headed hydra fails to defend itself.
You bludgeon the five-headed hydra!! You burn the five-headed hydra.
You feel very sick.
The black mamba bites you but does no damage.
The black mamba bites you.
You are more poisoned.
The black mamba poisons you!
The black mamba bites you but does no damage.
You take 5 damage, and have 49/105 hp.
The helpless five-headed hydra fails to defend itself.
You bludgeon the five-headed hydra!! You burn the five-headed hydra.
You kill the five-headed hydra!
Makhleb accepts your kill.
You feel better.
You feel very sick. The black mamba bites you.
You are more poisoned.
The black mamba poisons you! The black mamba bites you!
You are lethally poisoned!
The black mamba poisons you! The black mamba bites you.
The black mamba bites you but does no damage.
You regained 3 hp, and now have 52/105 hp.
You feel better. The black mamba bites you.
You are poisoned.
The black mamba poisons you!
The seven-headed hydra bites you but does no damage. x2
The seven-headed hydra bites you. The seven-headed hydra bites you!
The seven-headed hydra closely misses you. x2
The seven-headed hydra bites you but does no damage.
The black mamba bites you but does no damage.
The seven-headed hydra bites you.
The seven-headed hydra bites you but does no damage. x2
The seven-headed hydra bites you.
The seven-headed hydra barely misses you.
The seven-headed hydra bites you but does no damage.
The seven-headed hydra misses you.
You take 12 damage, and have 40/105 hp.
You feel yourself speed up. The black mamba bites you!
* * * LOW HITPOINT WARNING * * *
You are more poisoned.
The black mamba poisons you! The black mamba closely misses you.
Being near the torpor snail leaves you feeling lethargic.
The black mamba barely misses you.
The seven-headed hydra bites you but does no damage.
The seven-headed hydra bites you.
* * * LOW HITPOINT WARNING * * *
The seven-headed hydra bites you.
* * * LOW HITPOINT WARNING * * *
The seven-headed hydra bites you!
* * * LOW HITPOINT WARNING * * *
The seven-headed hydra bites you.
The seven-headed hydra bites you but does no damage.
The seven-headed hydra closely misses you.
You take 21 damage, and have 19/105 hp.
* * * LOW HITPOINT WARNING * * *
You feel very sick.
The black mamba bites you but does no damage.
The black mamba closely misses you. The black mamba barely misses you.
You take 5 damage, and have 14/105 hp.
You feel yourself speed up.
* * * LOW HITPOINT WARNING * * *
You feel very sick.
The seven-headed hydra bites you but does no damage. x4
The seven-headed hydra bites you!
* * * LOW HITPOINT WARNING * * *
The seven-headed hydra bites you but does no damage.
The seven-headed hydra barely misses you.
The black mamba bites you!
You die...

, , ,#.###.#..###.##.#.#.#.
, , #P...P#...####.##..##.
, ...###'###.###........#..
*
....).......#..#....####..
....#.###S##.##.#..####.#.
,
,..,..#,##.w.#..#.#........
, , ..#
*#S.#####.#.##.###.. , ....
#D#....#..#........ * #..
,#S@##.##)..###.##.. ,*
#...........#####.........
,, , ,..#######.# *
#.###'###. , .# ,#P...P#. ,
, , * **,*,# , #.###†#. ,,
, , * + , #†#[#.#. , , * **
, #.#'#.#. ,, ,, **
#P...P#. ,, ,, * ,*
#######.


You could see a seven-headed hydra and 2 black mambas.

Vanquished Creatures
  Nessos (D:12)
  A minotaur (Gauntlet)
  Snorg (D:10)
  Harold (D:10)
  A catoblepas (Lair:6)
  7 hydras
  Erica (D:8)
  Urug (D:10)
  An unseen horror (D:11)
  2 ugly things (D:12)
  An orc sorcerer (D:12)
  A deep elf mage (D:12)
  An oklob plant (Gauntlet)
  9 elephants (Lair:4)
  A centaur zombie (D:10)
  3 black mambas
  Maurice (D:9)
  An ice statue (Lair:4)
  Psyche (D:9)
  10 spiny frogs
  A kobold demonologist (D:12)
  5 komodo dragons
  An ice devil (Lair:4)
  A queen bee (Gauntlet)
  A polar bear (Lair:5)
  2 hornets (Gauntlet)
  A troll (D:11)
  A merfolk (D:9)
  17 blink frogs
  4 hippogriffs
  2 slime creatures (D:10)
  2 centaur simulacra (Gauntlet)
  Sigmund (D:6)
  11 yaks
  3 chaos spawn (D:8)
  2 humans (D:11)
  A basilisk (Lair:6)
  4 vampire mosquitoes (Lair:6)
  2 acid dragons (Gauntlet)
  Duvessa (D:6)
  A soldier ant (D:12)
  11 water moccasins
  15 porcupines
  A sky beast (D:6)
  2 black bears
  6 orc warriors
  14 ice beasts
  An eye of draining (D:8)
  23 wolves
  3 ogres
  2 phantoms (D:10)
  5 centaurs
  14 crocodiles
  2 big kobolds (D:12)
  21 bullfrogs
  A wyvern zombie (D:12)
  Dowan (D:6)
  A spiny frog simulacrum (Gauntlet)
  4 scorpions
  20 killer bees
  A howler monkey (D:5)
  2 electric eels (Lair:5)
  3 crimson imps
  2 bullfrog zombies
  8 hounds
  5 jellies
  4 orc priests
  3 bullfrog skeletons
  A centaur skeleton (D:9)
  A gnoll shaman (D:6)
  Jessica (D:2)
  A human skeleton (D:9)
  Terence (D:2)
  Natasha (thrice) (D:3)
  10 orc wizards
  9 worker ants
  A bullfrog simulacrum (Gauntlet)
  A hound skeleton (D:9)
  A worker ant zombie (D:7)
  5 gnolls (D:6)
  14 adders
  2 howler monkey skeletons
  2 shadow imps
  4 white imps (Lair:4)
  An adder skeleton (D:4)
  2 worms
  A dart slug (D:2)
  8 leopard geckos
  27 orcs
  9 giant cockroaches
  5 goblins
  5 hobgoblins
  4 jackals (D:10)
  8 quokkas
  3 bats (D:2)
  5 frilled lizards
  A goblin skeleton (D:9)
  12 kobolds
  A leopard gecko skeleton (D:5)
  2 leopard gecko zombies
  11 rats
  A fungus (Lair:6)
448 creatures vanquished.

Vanquished Creatures (others)
  A black mamba (Lair:6)
  A fungus (Lair:2)
  19 plants (Lair:6)
21 creatures vanquished.

Grand Total: 469 creatures vanquished

Notes
Turn   | Place    | Note
-------+----------+-------------------------------------------
     0 | D:1      | Irenicus the Deep Dwarf Earth Elementalist began the quest
                  | for the Orb.
     0 | D:1      | Reached XP level 1. HP: 15/15 MP: 3/3
   175 | D:2      | Reached skill level 2 in Spellcasting
   270 | D:2      | Reached XP level 2. HP: 19/22 MP: 0/5
   285 | D:2      | Found a deep blue altar of Sif Muna.
   288 | D:2      | Found a radiant altar of Vehumet.
   291 | D:2      | Found a white marble altar of Elyvilon.
   294 | D:2      | Found a shimmering altar of Xom.
   359 | D:2      | Noticed Jessica
   370 | D:2      | Killed Jessica
   370 | D:2      | Reached skill level 5 in Earth Magic
   370 | D:2      | Reached XP level 3. HP: 24/28 MP: 2/6
   424 | D:2      | Learned a level 2 spell: Passwall
   504 | D:2      | Noticed Terence
   521 | D:2      | Killed Terence
   521 | D:2      | Reached skill level 6 in Earth Magic
   521 | D:2      | Reached XP level 4. HP: 28/36 MP: 0/7
  1065 | D:1      | Reached skill level 7 in Earth Magic
  1164 | D:3      | Noticed Natasha
  1165 | D:3      | Killed Natasha
  1209 | D:3      | Reached XP level 5. HP: 31/42 MP: 3/8
  1224 | D:3      | Learned a level 5 spell: Lee's Rapid Deconstruction
  1300 | D:3      | Noticed Natasha
  1308 | D:3      | Killed Natasha
  1308 | D:3      | Reached skill level 8 in Earth Magic
  1317 | D:3      | Found an ancient bone altar of Kikubaaqudgha.
  1350 | D:3      | Found a faded altar of an unknown god.
  1433 | D:3      | Noticed Natasha
  1435 | D:3      | Killed Natasha
  1446 | D:3      | Found an ornate altar of the Wu Jian Council.
  1572 | D:2      | Noticed a centaur
  1576 | D:2      | Killed a centaur
  1576 | D:2      | Reached skill level 9 in Earth Magic
  1576 | D:2      | Reached XP level 6. HP: 25/49 MP: 5/9
  1921 | D:4      | Reached skill level 1 in Evocations
  1957 | D:4      | Reached skill level 2 in Evocations
  2027 | D:4      | Found a staircase to the Ecumenical Temple.
  2093 | Temple   | Entered the Ecumenical Temple
  2113 | Temple   | Became a worshipper of Makhleb the Destroyer
  2201 | D:4      | Reached skill level 3 in Evocations
  2361 | D:5      | Entered Level 5 of the Dungeon
  2387 | D:5      | Reached skill level 4 in Evocations
  2447 | D:5      | Got a slimy leather armour
  2462 | D:5      | Identified the +2 leather armour of Melancholy {rC+ Slay+5}
                  | (You found it on level 5 of the Dungeon)
  2576 | D:5      | Reached XP level 7. HP: 19/55 MP: 5/10
  2671 | D:5      | Reached * piety under Makhleb
  2675 | D:5      | Found a hide-covered altar of Uskayaw.
  2679 | D:5      | Noticed a -3 dagger
  2679 | D:5      | Noticed a +0 dagger
  2687 | D:5      | Reached skill level 10 in Earth Magic
  2844 | D:5      | Found a blossoming altar of Fedhas.
  2854 | D:5      | Noticed an oklob plant
  2958 | D:6      | Reached skill level 11 in Earth Magic
  3001 | D:6      | Found a shadowy altar of Dithmenos.
  3001 | D:6      | Noticed Sigmund
  3008 | D:6      | Killed Sigmund
  3008 | D:6      | Reached XP level 8. HP: 62/62 MP: 1/11
  3042 | D:6      | Noticed Duvessa
  3052 | D:6      | Noticed Dowan
  3055 | D:6      | Killed Duvessa
  3055 | D:6      | Reached skill level 12 in Earth Magic
  3057 | D:6      | Killed Dowan
  3268 | D:6      | Reached skill level 3 in Stealth
  3390 | D:6      | Reached skill level 13 in Earth Magic
  3475 | D:6      | Reached skill level 1 in Transmutations
  3580 | D:7      | Reached ** piety under Makhleb
  3582 | D:7      | Reached skill level 3 in Spellcasting
  3611 | D:7      | Reached skill level 2 in Transmutations
  3617 | D:7      | Learned a level 4 spell: Petrify
  3672 | D:7      | Identified the Compendium of Shifting Flames
  3753 | D:7      | Got a scorched flail
  3755 | D:7      | Identified the +11 flail of a treasure trove {flame, +Fly
                  | Str+2} (You found it on level 7 of the Dungeon)
  3803 | D:7      | Got a spiked ring mail
  3814 | D:7      | Identified the +5 ring mail of the Robin {*Contam rF+ rC+++
                  | MR++} (You found it on level 7 of the Dungeon)
  3904 | D:7      | Gained mutation: You passively map the area around you.
                  | [Deep Dwarf growth]
  3904 | D:7      | Reached XP level 9. HP: 68/68 MP: 14/14
  3920 | D:7      | Reached skill level 4 in Spellcasting
  3958 | D:7      | Identified the +1 robe of Foalyddi {-Cast +Fly Str+4} (You
                  | found it on level 7 of the Dungeon)
  3963 | D:7      | Reached skill level 3 in Transmutations
  4041 | D:8      | Reached skill level 1 in Maces & Flails
  4043 | D:8      | Noticed Erica
  4063 | D:8      | Reached skill level 2 in Maces & Flails
  4108 | D:8      | Killed Erica
  4108 | D:8      | Reached skill level 5 in Maces & Flails
  4116 | D:8      | Found a shimmering altar of Xom.
  4117 | D:8      | Found the +7 mace of Variability {chain chaos}
  4119 | D:8      | Reached skill level 1 in Fighting
  4120 | D:8      | Reached skill level 2 in Fighting
  4149 | D:8      | Reached skill level 3 in Fighting
  4159 | D:8      | Reached skill level 4 in Fighting
  4236 | D:8      | Reached *** piety under Makhleb
  4236 | D:8      | Reached XP level 10. HP: 39/85 MP: 0/17
  4289 | D:8      | Reached skill level 5 in Spellcasting
  4482 | D:9      | Noticed Maurice
  4495 | D:9      | Killed Maurice
  4495 | D:9      | Reached skill level 6 in Spellcasting
  4549 | D:9      | Irenicus: ?? stab
  4549 | D:9      | beem: stabbing[1/5]: A stab with a short blade does
                  | increased damage: (dam+bonus)*mult, where bonus depends on
                  | dex and stealth/weapon skills and is capped at 30, and mult
                  | depends on your stealth/weapon skills and the type of stab
                  | (sleep/paralysis is best). Non-short blades don't get a
                  | bonus and have lower mult. Daggers get bonus doubled (but
                  | still capped at 30).
  4636 | D:9      | Reached skill level 7 in Spellcasting
  4657 | D:9      | Found a runed translucent door.
  4661 | D:9      | Found a basalt altar of Yredelemnul.
  4699 | D:9      | Found a shattered altar of Ashenzari.
  4725 | D:9      | Noticed Psyche
  4732 | D:9      | Killed Psyche
  4822 | D:9      | Reached skill level 8 in Spellcasting
  4857 | D:9      | Found a staircase to the Lair.
  4868 | D:9      | Reached skill level 4 in Stealth
  5016 | D:9      | Reached skill level 5 in Stealth
  5140 | D:10     | Entered Level 10 of the Dungeon
  5191 | D:10     | Noticed Urug
  5252 | D:10     | Irenicus: ?? urug
  5252 | D:10     | beem: urug[1/1]: A unique orc knight. Throws javelins and
                  | spawns with a strong melee weapon.
  5292 | D:10     | Reached skill level 6 in Stealth
  5312 | D:10     | Reached skill level 7 in Stealth
  5446 | D:10     | Got a polished mace
  5447 | D:10     | Identified the +7 mace "Tugrew" {elec, Int+6} (You found it
                  | on level 10 of the Dungeon)
  5530 | D:10     | Reached skill level 1 in Armour
  5530 | D:10     | Reached XP level 11. HP: 85/92 MP: 18/23
  5607 | D:10     | Killed Urug
  5607 | D:10     | Reached **** piety under Makhleb
  5607 | D:10     | Reached skill level 3 in Armour
  5689 | D:10     | Noticed Harold
  5705 | D:10     | Killed Harold
  5705 | D:10     | Reached skill level 4 in Armour
  5756 | D:10     | Reached skill level 5 in Armour
  5762 | D:10     | Noticed Snorg
  5780 | D:10     | Killed Snorg
  5780 | D:10     | Reached skill level 6 in Armour
  6012 | D:11     | Found an iron altar of Okawaru.
  6034 | D:11     | Reached skill level 4 in Transmutations
  6109 | D:11     | Killed an unseen horror
  6109 | D:11     | Reached skill level 5 in Transmutations
  6209 | D:11     | Found a bloodstained altar of Trog.
  6209 | D:11     | Noticed a two-headed ogre
  6209 | D:11     | Noticed EtherCrawl's ghost (journeyman GnAr)
  6211 | D:11     | Noticed a two-headed ogre
  6216 | D:11     | Found a transporter.
  6219 | D:11     | Found a transporter.
  6346 | D:12     | Noticed a white ugly thing
  6364 | D:12     | Killed a white ugly thing
  6447 | D:12     | Reached skill level 6 in Transmutations
  6476 | D:12     | Found a staircase to the Orcish Mines.
  6602 | D:12     | Noticed Nessos
  6624 | D:12     | Killed Nessos
  6624 | D:12     | Reached skill level 6 in Maces & Flails
  6624 | D:12     | Reached skill level 8 in Stealth
  6723 | D:12     | Noticed a brown ugly thing
  6736 | D:12     | Killed a brown ugly thing
  6736 | D:12     | Reached skill level 9 in Stealth
  6759 | D:12     | Noticed a deep elf mage
  6771 | D:12     | Killed a deep elf mage
  6785 | D:12     | Reached ***** piety under Makhleb
  6813 | D:12     | Noticed an orc warlord
  6880 | D:12     | Reached skill level 10 in Stealth
  6880 | D:12     | Reached XP level 12. HP: 51/99 MP: 14/24
  7179 | Lair:1   | Entered Level 1 of the Lair of Beasts
  7195 | Lair:1   | HP: 23/99 [porcupine (10)]
  7461 | Lair:1   | HP: 23/99 [wolf (6)]
  7469 | Lair:1   | HP: 23/99 [water moccasin (3)]
  7480 | Lair:1   | Reached skill level 14 in Earth Magic
  7647 | Lair:2   | Found a gate leading to a gauntlet.
  7669 | Gauntlet | Entered a Gauntlet
  7669 | Gauntlet | Found a transporter.
  7669 | Gauntlet | Found a transporter.
  7669 | Gauntlet | Found a transporter.
  7669 | Gauntlet | Found a transporter.
  7679 | Gauntlet | Found a transporter.
  7689 | Gauntlet | Found a transporter.
  7741 | Gauntlet | Found a transporter.
  7752 | Gauntlet | Paralysed by a hornet for 1 turns
  7774 | Gauntlet | Found a transporter.
  7776 | Gauntlet | Found a transporter.
  7821 | Gauntlet | Got a twitching bone ring
  7824 | Gauntlet | Identified the ring "Uklyarr" {rCorr MP-9 Dex+6} (You found
                  | it in a Gauntlet)
  7851 | Gauntlet | Found a transporter.
  7879 | Gauntlet | Reached skill level 9 in Spellcasting
  7918 | Gauntlet | Found a transporter.
  7982 | Gauntlet | Identified the +6 glaive "Mit Xila" {antimagic, +Blink MR-
                  | Dex+7}
  7982 | Gauntlet | Noticed a minotaur
  7988 | Gauntlet | Killed a minotaur
  7996 | Gauntlet | Irenicus: ?? quicksilver dragon armour
  7996 | Gauntlet | beem: quicksilver dragon scales[1/1]: 9AC, 7ER, MR+, cannot
                  | be enchanted. Sometimes drops from quicksilver dragons.
                  | Quicksilver dragon scales are always +0, even as an
                  | artifact.
  7999 | Gauntlet | Identified the Catalogue of Dark Curses
  8006 | Gauntlet | Got a crystal war axe
  8007 | Gauntlet | Identified the +3 war axe of Patterns {flame, *Corrode
                  | rPois Dex+2} (You found it in a Gauntlet)
  8071 | Lair:2   | Found a hole to the Spider Nest.
  8182 | Lair:2   | Reached skill level 10 in Spellcasting
  8320 | Lair:2   | Noticed a four-headed hydra
  8335 | Lair:2   | Killed a four-headed hydra
  8933 | Lair:3   | Learned a level 2 spell: Blink
  9061 | Lair:4   | Reached skill level 1 in Translocations
  9061 | Lair:4   | Reached XP level 13. HP: 67/105 MP: 1/27
  9183 | Lair:4   | Reached skill level 2 in Translocations
  9217 | Lair:4   | Reached skill level 15 in Earth Magic
  9361 | Lair:4   | Reached ****** piety under Makhleb
  9361 | Lair:4   | Reached skill level 11 in Spellcasting
  9523 | Lair:4   | Found a staircase to the Shoals.
  9633 | Lair:5   | Found a staircase to the Slime Pits.
  9714 | Lair:5   | Irenicus: ?? sublimation
  9714 | Lair:5   | beem: sublimation of blood[1/1]: Converts HP into MP. Each
                  | MP point costs up to 4 (avg. 1 + 18/pow) HP. There is a
                  | 6/pow chance to stop after each MP point. Never drains more
                  | than 90% of current HP.
  9934 | Lair:5   | Reached skill level 16 in Earth Magic
  9962 | Lair:5   | Identified a scroll of acquirement
 10016 | Lair:5   | Found a transporter.
 10016 | Lair:5   | Found a transporter.
 10017 | Lair:5   | Noticed vishdafish's ghost (journeyman GnFi)
 10068 | Lair:6   | Entered Level 6 of the Lair of Beasts
 10178 | Lair:6   | Reached skill level 17 in Earth Magic
 10461 | Lair:6   | HP: 26/105 [seven-headed hydra (1)]
 10463 | Lair:6   | HP: 10/105 [poisoned by a black mamba]
 10463 | Lair:6   | Slain by a black mamba

Skill      XL: |  1  2  3  4  5  6  7  8  9 10 11 12 13 |
---------------+----------------------------------------+-----
Spellcasting   | 2 3 4 8 10 11 | 11.8
Earth Magic    | 5 6 7 9 11 13 14 17 | 17.7
Evocations     | 4 |  4.0
Stealth        | 3 7 10 | 10.0
Transmutations | 2 3 6 |  6.1
Maces & Flails | 5 6 |  6.1
Fighting       | 4 |  4.0
Armour         | 1 6 |  6.5
Translocations | 1 2 |  2.0
Dodging        | |  2.1

Action                   |  1- 3 |  4- 6 |  7- 9 | 10-12 | 13-15 || total
-------------------------+-------+-------+-------+-------+-------++-------
Melee: Falchion          |    10 |     8 |       |       |       ||    18
       Dagger            |       |     1 |    13 |       |       ||    14
       Staff             |       |       |     6 |       |       ||     6
       Flail             |       |       |    44 |   277 |   214 ||   535
       Mace              |       |       |       |   159 |       ||   159
 Cast: Sandblast         |    25 |    88 |   116 |   163 |    67 ||   459
       Passwall          |     1 |    14 |    12 |    21 |     1 ||    49
       Petrify           |       |       |     1 |    98 |    20 ||   119
       Lee's Rapid Decon |       |       |       |    27 |    16 ||    43
 Abil: Evoke Flight      |       |       |       |     1 |       ||     1
Evoke: Wand              |       |       |     2 |     9 |    13 ||    24
       Fan of gales      |       |       |       |     1 |       ||     1
       Phial of floods   |       |       |       |     1 |       ||     1
  Use: Scroll            |       |     2 |     7 |    11 |    14 ||    34
       Potion            |       |       |     5 |     2 |     4 ||    11
 Stab: Sleeping          |       |     4 |     2 |     5 |     3 ||    14
       Paralysed         |       |       |     5 |    15 |     7 ||    27
       Petrified         |       |       |     2 |   165 |    40 ||   207
       Petrifying        |       |       |     1 |    16 |     1 ||    18
  Eat: Chunk             |       |     7 |     8 |    18 |     3 ||    36
       Ration            |       |       |       |     3 |     1 ||     4
Armor: Robe              |     2 |       |       |       |       ||     2
       Leather armour    |       |     4 |     7 |       |       ||    11
       Ring mail         |       |       |    29 |   241 |   198 ||   468
       Skin              |       |       |       |       |    66 ||    66
Dodge: Dodged            |    10 |    21 |    59 |   263 |   189 ||   542
       Rpst.: Falchion   |     3 |     3 |       |       |       ||     6

Levels and vault maps discovered:
D:1:      dpeg_arrival_lava_temple_mockup, layout_basic
D:2:      layout_basic, grunt_temple_overflow_cloverleaf, first_ration,
          minmay_misc_feat_cross, uniq_terence, uniq_jessica
D:3:      layout_loops_ring, kiku_gazebo_pond_becter, overflow_temple_1_default,
          chequers_ecumenical_altar_island, uniq_natasha
D:4:      layout_layer_cave, minmay_temple_entry_gardened_gates,
          minmay_fountain_box, st_stairs_11, hangedman_decor_points,
          minmay_strange_pillars, minmay_misc_feat_x
D:5:      layout_loops_ring, dancing_weapons_uskayaw, tgw_fedhas
D:6:      layout_basic, lemuel_coloured_pillars_altar, uniq_duvessa,
          uniq_eustachio, uniq_sigmund
D:7:      layout_basic, minmay_holes
D:8:      layout_rooms, minmay_guarded_unrand_variability, uniq_erica
D:9:      layout_loops_corners, kennysheep_mini_moat,
          grunt_lair_entry_orc_guard_hut, hangedman_fish_farm,
          dk_yredelemnul_ordeal, uniq_maurice, uniq_psyche
D:10:     layout_stronghold, serial_rivers, chequers_serial_rivers_small_b,
          chequers_serial_rivers_marsh, chequers_serial_rivers_large_a,
          chequers_serial_rivers_marsh, uniq_harold, uniq_urug, uniq_snorg
D:11:     layout_loops_ring, gammafunk_ghost_wrathful_warriors, okawaru_humans
D:12:     orc_temple, layout_gridville, david_orc_2, uniq_nessos
Temple:   nicolae_temple_figure_eight
Lair:1:   layout_cave_pods, beast_lair_carwin_5
Lair:2:   layout_layer_cave, spider_nest_entry_a, gauntlet_entry_generic,
          nicolae_quartered_pool_little, infiniplex_staircase_pool
Lair:3:   layout_hall_layers
Lair:4:   layout_misc_corridors, elwin_shoals_entry_rocks, ice2_lemuel,
          grunt_megastairs_3
Lair:5:   layout_small_grid, slime_dummy, gammafunk_ghost_hive,
          lemuel_fruit_fields, serial_bayou_shore_a
Lair:6:   minmay_lair_end_frog_pond, layout_regular_city, columned_hall_lemuel,
          minmay_shattered_shrine, serial_bayou_shore_b
Gauntlet: gammafunk_gauntlet_shortcut [gammafunk_gauntlet_arena_open,
          gammafunk_gauntlet_arena_chambers, gammafunk_gauntlet_arena_crates,
          gammafunk_gauntlet_arena_corners, nicolae_gauntlet_arena_quarters,
          gammafunk_gauntlet_arena_teeth,
          nicolae_gauntlet_exit_dead_adventurers]

Table legend:
 A = Turns spent in this place as a percentage of turns spent in the entire game.
 B = Non-inter-level travel turns spent in this place as a percentage of non-inter-level travel turns spent in the entire game.
 C = Inter-level travel turns spent in this place as a percentage of turns spent in this place.
 D = Turns resting spent in this place as a percentage of non-inter-level travel turns spent in this place.
 E = Turns spent auto-exploring this place as a percentage of non-inter-level travel turns spent in this place.
 F = Non-inter-level travel turns spent in this place divided by the number of levels of this place that you've seen.
                   A       B       C       D       E      F
               +-------+-------+-------+-------+-------+----------------------
         Total | 100.0 | 100.0 |   0.6 |   0.0 |   0.0 | 519.8
       Dungeon |  68.3 |  68.1 |   0.9 |   0.0 |   0.0 | 589.7
        Temple |   0.3 |   0.3 |   0.0 |   0.0 |   0.0 |  36.0
          Lair |  27.8 |  27.9 |   0.0 |   0.0 |   0.0 | 484.2
      Gauntlet |   3.6 |   3.6 |   0.0 |   0.0 |   0.0 | 379.0
               +-------+-------+-------+-------+-------+----------------------

Table legend:
 A = Kills in this place as a percentage of kills in entire the game.
 B = Kills by you in this place as a percentage of kills by you in the entire game.
 C = Kills by friends in this place as a percentage of kills by friends in the entire game.
 D = Other kills in this place as a percentage of other kills in the entire game.
 E = Experience gained in this place as a percentage of experience gained in the entire game.
 F = Experience gained in this place divided by the number of levels of this place that you have seen.
                   A       B       C       D       E      F
               +-------+-------+-------+-------+-------+----------------------
         Total | 100.0 | 100.0 |   N/A | 100.0 | 100.0 | 3214.9
       Dungeon |  61.8 |  62.0 |   N/A |   0.0 |  36.3 | 1947.1
          Lair |  34.6 |  34.5 |   N/A | 100.0 |  58.1 | 6223.0
      Gauntlet |   3.6 |   3.6 |   N/A |   0.0 |   5.6 | 3594.0
               +-------+-------+-------+-------+-------+----------------------
